 Dungeon Crawl Stone Soup version 0.28.0-43-g3370ac3207 (webtiles) character file.

Game seed: 4059097865355333944

12 H0rd4k the Magician (level 2, -4/15 HPs)
             Began as a Deep Elf Hedge Wizard on Mar 11, 2022.
             Slain by a kobold
             ... wielding a +2 dagger of electrocution
              (10 damage)
             ... on level 1 of the Dungeon.
             The game lasted 00:00:42 (448 turns).

H0rd4k the Magician (Deep Elf Hedge Wizard)          Turns: 448, Time: 00:00:43

Health: -4/15      AC:  2    Str:  7    XL:     2   Next: 20%
Magic:  4/10       EV: 12    Int: 18    God:
Gold:   16         SH:  0    Dex: 14    Spells: 10/11 levels left

rFire   . . .      SeeInvis .   a - +0 dagger
rCold   . . .      Faith    .   (no shield)
rNeg    . . .      Spirit   .   b - +0 robe
rPois   .          Reflect  .   c - +0 hat
rElec   .          Harm     .   (no cloak)
rCorr   .          Rampage  .   (no gloves)
Will    .....                   (no boots)
Stlth   ++........              e - amulet of regeneration
HPRegen 0.85/turn               (no ring)
MPRegen 0.12/turn               (no ring)

@: no status effects
A: no striking features
a: no special abilities


You were on level 1 of the Dungeon.
You visited 1 branch of the dungeon, and saw 1 of its levels.

You collected 16 gold pieces.

Inventory:

Hand Weapons
 a - a +0 dagger (weapon)
Armour
 b - a +0 robe (worn)
 c - a +0 hat (worn)
Jewellery
 e - an amulet of regeneration (around neck)
Scrolls
 d - a scroll of amnesia {unknown}
Potions
 f - 2 potions of flight {unknown}


   Skills:
 + Level 2.7 Dodging
 - Level 2.4 Stealth
 + Level 5.1 Spellcasting
 + Level 1.2 Conjurations
 + Level 1.1 Summonings
 + Level 1.1 Translocations


You had 10 spell levels left.
You knew the following spells:

 Your Spells              Type           Power      Damage    Failure   Level
a - Magic Dart            Conj           36%        1d4       8%          1

Your spell library contained the following spells:

 Spells                   Type           Power      Damage    Failure   Level
 Slow                     Hex            16%        N/A       13%         1
 Blink                    Tloc           16%        N/A       13%         2
 Call Imp                 Summ           8%         N/A       13%         2
 Conjure Flame            Conj/Fire      6%         6-21      30%         3
 Mephitic Cloud           Conj/Pois/Air  6%         N/A       32%         3


Dungeon Overview and Level Annotations

Branches:
Dungeon (1/15)

Altars:


Message History

The magic dart hits the bat.
The bat is severely wounded.
The bat completely misses you.
The magic dart hits the bat.
You kill the bat!
You can't see any susceptible monsters within range! (Use Z to cast anyway.)
Your magical contamination has completely faded away.
There is an open door here.
You see here a bat corpse.
You open the door.
Found a stone staircase leading down.
There is an open door here.
There is a stone staircase leading down here.
A kobold comes into view. It is wielding a +0 short sword.
The kobold shouts!
You hear a shout!
A kobold is nearby!
A kobold is nearby!
A kobold is nearby!
The magic dart hits the kobold but does no damage.
The magic dart hits the kobold but does no damage.
A kobold comes into view.
It is wielding a +2 dagger of electrocution.
The magic dart hits the kobold.
The kobold is moderately wounded.
The magic dart hits the kobold but does no damage.
The kobold is moderately wounded.
The kobold hits you with a +2 dagger of electrocution.
You are electrocuted!
Ouch! That really hurt!
The kobold hits you with a +0 short sword.
* * * LOW HITPOINT WARNING * * *
The kobold hits you but does no damage.
There is a stone staircase leading down here.
The magic dart hits the kobold but does no damage.
The magic dart hits the kobold but does no damage.
The kobold hits you with a +2 dagger of electrocution.
The magic dart hits the kobold but does no damage.
The kobold hits you with a +2 dagger of electrocution.
You are electrocuted!
Ouch! That really hurt!
You die...

##### #...# #...# #...#
#####...### #
#.........#
#.############.........#
#.........KK@'.........#
#.!###########.........#
#.. #####†######### #..
#..........# #..
#..........# #..
#..........# #..
#..........# ...
#.....)....#
#..........+


You could see 2 kobolds.

Vanquished Creatures
  2 ball pythons (D:1)
  A goblin (D:1)
  3 jackals (D:1)
  A kobold (D:1)
  A quokka (D:1)
  A bat (D:1)
  A frilled lizard (D:1)
10 creatures vanquished.

Notes
Turn   | Place    | Note
-------+----------+-------------------------------------------
     0 | D:1      | H0rd4k the Deep Elf Hedge Wizard began the quest for the
                  | Orb.
     0 | D:1      | Reached XP level 1. HP: 10/10 MP: 7/7
   317 | D:1      | Reached skill level 5 in Spellcasting
   317 | D:1      | Reached XP level 2. HP: 15/15 MP: 8/10
   448 | D:1      | Slain by a kobold

Illustrated notes

Levels and vault maps discovered:
D:1:      minmay_arrival_jagged, layout_basic,
          chequers_ecumenical_altar_simple_redux

Skill      XL: |  1 |
---------------+----+-----
Spellcasting   | 5 |  5.1
Dodging        | |  2.7
Stealth        | |  2.4
Conjurations   | |  1.2
Summonings     | |  1.1
Translocations | |  1.1

Action                   || total
-------------------------++-------
Melee: Dagger            ||    17
       Punch             ||     1
 Cast: Magic Dart        ||    31
Armor: Robe              ||     4
Dodge: Dodged            ||    25
